 Dungeon Crawl Stone Soup version 0.27.1-33-g824d729ab1 (webtiles) character file.

Game seed: 18411547734021339193

163 Grabarz the Caller (level 5, -4/35 HPs)
             Began as a Merfolk Summoner on Dec 12, 2021.
             Succumbed to a scorpion's poison
             ... on level 3 of the Dungeon.
             The game lasted 00:49:48 (4516 turns).

Grabarz the Caller (Merfolk Summoner)               Turns: 4516, Time: 00:49:48

Health: -4/35      AC:  2    Str:  9    XL:     5   Next: 44%
Magic:  0/10       EV: 28    Int: 15    God:
Gold:   144        SH:  0    Dex: 20    Spells: 2/11 levels left

rFire    . . .     SeeInvis .   (no weapon)
rCold    . . .     Faith    .   (no shield)
rNeg     . . .     Spirit   .   a - +0 robe
rPois    .         Reflect  .   (no helmet)
rElec    .         Harm     .   (no cloak)
rCorr    .         Rampage  .   (no gloves)
Will     .....                  (no boots)
Stlth    +++.......             b - amulet of the acrobat
HPRegen  0.11/turn              g - +6 ring of dexterity
MPRegen  0.12/turn              (no ring)

@: lethally poisoned (-4 -> -43), acrobatic, very slightly contaminated
A: (nimble swimmer 2), mertail
a: no special abilities


You were on level 3 of the Dungeon.
You visited 1 branch of the dungeon, and saw 4 of its levels.

You collected 144 gold pieces.

Inventory:

Armour
 a - a +0 robe (worn)
Jewellery
 b - an amulet of the acrobat (around neck)
 g - a +6 ring of dexterity (left hand)
Wands
 j - a wand of flame (17)
Scrolls
 f - a scroll of magic mapping
 k - 2 scrolls of teleportation
Potions
 c - a potion of mutation
 d - a potion of flight
 e - 5 potions of curing
 i - a potion of invisibility {unknown}


   Skills:
 - Level 3.0 Dodging
 - Level 3.2 Stealth
 + Level 3.5 Spellcasting
 + Level 0.0 Hexes
 * Level 5.1 Summonings


You had 2 spell levels left.
You knew the following spells:

 Your Spells              Type           Power      Damage    Failure   Level
a - Summon Small Mammal   Summ           72%        N/A       2%          1
b - Call Imp              Summ           18%        N/A       3%          2
c - Call Canine Familiar  Summ           18%        N/A       7%          3
d - Summon Guardian Gole  Hex/Summ       10%        N/A       21%         3

Your spell library contained the following spells:

 Spells                   Type           Power      Damage    Failure   Level
 Summon Ice Beast         Ice/Summ       10%        N/A       54%         4
 Summon Lightning Spire   Summ/Air       10%        N/A       54%         4
 Summon Mana Viper        Hex/Summ       10%        N/A       88%         5
 Monstrous Menagerie      Summ           9%         N/A       100%        7


Dungeon Overview and Level Annotations

Branches:
Dungeon (4/15)
 Temple: D:4-7

Altars:
Uskayaw

Shops:
D:3 ?


Innate Abilities, Weirdness & Mutations

((You are quick and stealthy near water. (Stealth+, EV+, Speed+++)))
Your lower body shifts to a powerful aquatic tail in water.


Message History

The scorpion completely misses you. The scorpion misses you.
The scorpion closely misses you. The scorpion completely misses you.
An orc wizard appears from thin air!
Reactivating autopickup.
The orc wizard casts a spell.
The orc wizard flickers and vanishes!
Deactivating autopickup; reactivate with Ctrl-A.
The scorpion completely misses you.
There is a stone staircase leading up here.
The scorpion stings you.
You are poisoned.
The scorpion poisons you! Something bites your crimson imp.
You climb upwards.
Reactivating autopickup.
You feel very sick.
There is a stone staircase leading down here.
Casting: Call Imp (safe; 3% risk of failure)
Confirm with . or Enter, or press ? or * to list all spells.
You miscast Call Canine Familiar.
You are very lightly contaminated with residual magic.
Nothing appears to happen.
You feel sick. The scorpion barely misses you.
Unknown command.
Casting: Call Imp (safe; 3% risk of failure)
Press: ? - help, Q - select action, (/) - cycle Dir - look around, f - activate A metallic apparition takes form in the air.
You feel sick. The scorpion stings you.
You are more poisoned.
The scorpion poisons you! The scorpion stings you!
You are more poisoned.
The scorpion poisons you!
You hit the scorpion.
The scorpion is lightly wounded.
* * * LOW HITPOINT WARNING * * *
You feel very sick. The scorpion stings you.
* * * LOW HITPOINT WARNING * * *
You are more poisoned.
The scorpion poisons you!
You die...

#...# ##### ##...#########
#...######### .'...'.......#
#...........# ##...#######.##
#...........# #...# #.....#
#...........# ######
#.##..###.....).....# ..#
#.#....5#...........#
..#######.#......##.........#####
..'..........[..@>...............
..#######.#8#....s#####+#..####.#
...# #..#.#..##.####...........
...# #.8.∩<8..#......≈≈≈.†≈≈≈≈.
...# ######...#........≈.......≈.
...###.....8###........≈.≈≈.≈≈.≈.
....##......+........#.≈.≈..§≈.≈.
....##......##..#..###.≈.≈._.≈.≈.
....##.....(##.....# #.≈.§.§.§.≈.


You could see a scorpion (ally target) and a friendly iron imp (summoned).

Vanquished Creatures
  An orc (D:3)
  A hobgoblin (D:1)
2 creatures vanquished.

Vanquished Creatures (collateral kills)
  Sigmund (D:3)
  An ogre (D:3)
  An adder (D:3)
  A dart slug (D:1)
  4 orcs
  3 endoplasms (D:3)
  5 goblins
  5 hobgoblins
  4 jackals (D:3)
  2 quokkas
  3 ball pythons (D:3)
  9 bats
  A frilled lizard (D:2)
  4 kobolds
  7 rats
51 creatures vanquished.

Vanquished Creatures (others)
  A plant (D:4)
1 creature vanquished.

Grand Total: 54 creatures vanquished

Notes
Turn   | Place    | Note
-------+----------+-------------------------------------------
     0 | D:1      | Grabarz the Merfolk Summoner began the quest for the Orb.
     0 | D:1      | Reached XP level 1. HP: 13/13 MP: 3/3
   546 | D:1      | Reached XP level 2. HP: 14/19 MP: 0/5
   651 | D:1      | Learned a level 2 spell: Call Imp
  1595 | D:1      | Identified a scroll of acquirement
  1595 | D:1      | Acquired a book of Beasts
  2800 | D:3      | Found a faded altar of an unknown god.
  2822 | D:3      | Noticed an ogre
  3032 | D:3      | Reached XP level 3. HP: 24/24 MP: 0/6
  3095 | D:3      | Learned a level 3 spell: Call Canine Familiar
  3172 | D:3      | Found a hide-covered altar of Uskayaw.
  3372 | D:3      | Found Husuxas's Magic Scroll Boutique.
  3374 | D:3      | Noticed Sigmund
  3402 | D:3      | Killed Sigmund
  3403 | D:3      | Reached XP level 4. HP: 17/30 MP: 1/8
  3758 | D:3      | Reached skill level 5 in Summonings
  3758 | D:3      | Reached XP level 5. HP: 33/35 MP: 1/9
  3904 | D:3      | Killed an ogre
  4020 | D:3      | Learned a level 3 spell: Summon Guardian Golem
  4516 | D:3      | Succumbed to a scorpion's poison

Illustrated notes

Levels and vault maps discovered:
D:1:      psy_arrival_radial01, layout_basic, serial_rivers,
          chequers_serial_rivers_micro_d, chequers_serial_rivers_marsh,
          chequers_serial_rivers_small_b, chequers_serial_rivers_small_3,
          st_stairs_7, amethyst_killhole
D:2:      layout_basic
D:3:      layout_basic, mainiacjoe_overflow_concentric_impassable,
          hellmonk_ecumenical_altar_blasted, serial_shops,
          nicolae_shop_statue_plus, chequers_serial_rivers_small_b, uniq_sigmund
D:4:      layout_loops_cross, nicolae_overflow_crystal_walls, chequers_big_river

Skill      XL: |  1  2  3  4 |
---------------+-------------+-----
Dodging        | 3 |  3.0
Stealth        | 3 |  3.2
Spellcasting   | 3 |  3.5
Summonings     | 5 |  5.1

Action                   |  1- 3 |  4- 6 || total
-------------------------+-------+-------++-------
Melee: Unarmed           |    27 |     8 ||    35
 Cast: Summon Small Mamm |    25 |       ||    25
       Call Imp          |    44 |    18 ||    62
       Call Canine Famil |     5 |     8 ||    13
       Summon Guardian G |       |     3 ||     3
  Use: Scroll            |     3 |     7 ||    10
 Stab: Distracted        |       |     2 ||     2
Armor: Robe              |    12 |       ||    12
Dodge: Dodged            |    28 |     8 ||    36
